 Dungeon Crawl Stone Soup version 0.31-a0-692-gf03d1854d5 (webtiles) character file.

Game seed: 14449330256233231108

933 qw the Skirmisher (level 8, -13/49 HPs)
             Began as a Gargoyle Hunter on Sept 6, 2023.
             Was an Initiate of Okawaru.
             Killed from afar by an oklob plant (17 damage)
             ... with a splash of acid
             ... on level 5 of the Dungeon.
             The game lasted 00:01:51 (4325 turns).

qw the Skirmisher (Gargoyle Hunter)                 Turns: 4325, Time: 00:01:52

Health: -13/49     AC:  6    Str: 14    XL:     8   Next: 11%
Magic:  8/8        EV: 15    Int: 14    God:    Okawaru [......]
Gold:   209        SH:  0    Dex: 14    Spells: 7/7 levels left

rFire   . . .        l - +0 orcbow
rCold   . . .        (shield currently unavailable)
rNeg    + . .        f - +0 ring mail
rPois   inf          (no helmet)
rElec   +            (no cloak)
rCorr   .            (no gloves)
SInv    .            (no boots)
Will    .....        j - amulet of the acrobat
Stlth   +            d - +5 ring of evasion
HPRegen 0.28/turn    (no ring)
MPRegen 0.11/turn

%: acrobat, clarity
@: about to teleport, corroded
A: sickness immunity, AC +5, negative energy resistance 1, electricity
resistance, torment resistance 1, petrification resistance, clarity, clever 1,
MP-powered wands
a: Renounce Religion


You were on level 5 of the Dungeon.
You worshipped Okawaru.
Okawaru was noncommittal.
You visited 2 branches of the dungeon, and saw 6 of its levels.

You collected 209 gold pieces.


Innate Abilities, Weirdness & Mutations

You are immune to sickness and miasma.
Your stone body is resilient. (AC +5)
You are immune to poison.
You resist negative energy. (rN+)
You are resistant to electric shocks. (rElec)
You are resistant to unholy torment.
You are immune to petrification.
You possess an exceptional clarity of mind.
Your mind is acute. (Int +4, Str/Dex -1)
You expend magic power (3 MP) to strengthen your wands.


   Skills:
 - Level 5.1 Fighting
 + Level 8.8 Ranged Weapons
 - Level 1.1 Armour
 - Level 1.5 Dodging
 - Level 1.1 Stealth


You had 7 spell levels left.
You didn't know any spells.
Your spell library was empty.

Inventory:

Hand Weapons
 l - a +0 orcbow (weapon)
Armour
 f - a +0 ring mail (worn)
Jewellery
 d - a +5 ring of evasion (left hand)
 j - an amulet of the acrobat (around neck)
Scrolls
 g - a scroll of identify
Potions
 a - a potion of mutation
 b - 2 potions of curing
 e - a potion of degeneration {unknown}
 h - a potion of brilliance {unknown}
 i - a potion of might {unknown}
 k - a potion of attraction {unknown}
 m - a potion of invisibility {unknown}

Dungeon Overview and Level Annotations

Branches:
Dungeon (5/15)             Temple (1/1) D:5

Altars:
Cheibriados
Dithmenos
Elyvilon
Fedhas
Hepliaklqana
Kikubaaqudgha
Makhleb
Nemelex Xobeh
Okawaru
Ru
Trog
Uskayaw
Vehumet
Wu Jian
Xom
Yredelemnul
Zin
The Shining One

Annotations:
D:5 exclusion: oklob plant


Message History

Enter note: You shoot an arrow.
The arrow hits the plant.
The plant is lightly damaged.
A nearby plant withers and dies.
The oklob plant spits acid at you. The splash of acid hits you!
You shoot an arrow. The arrow hits the oklob plant!
The oklob plant is moderately damaged.
You shoot an arrow.
The arrow hits the oklob plant but does no damage.
The oklob plant is moderately damaged.
You shoot an arrow. The arrow hits the oklob plant!
The oklob plant is heavily damaged.
The oklob plant spits acid at you. The splash of acid hits you!!
Ouch! That really hurt!
The acid corrodes you!
Enter note:
Enter note:
Enter note:
Enter note:
Enter note:
Enter note:
Enter note:
Enter note:
Enter note:
4324 ||| READING scroll of teleportation.
As you read the scroll of teleportation, it crumbles to dust.
You feel strangely unstable.
Enter note:
Enter note:
Enter note:
Enter note:
Enter note:
Enter note: You shoot an arrow.
The arrow hits the fungus.
The fungus begins to die.
The fungus is lightly damaged.
The oklob plant spits acid at you. The splash of acid hits you!
You die... # # # ###### ##### # 7#PPPPP#7 P.PP # PP7P7P#P7#.P#7# # P.PP.PPP....PP#

# P#7PP.#PP.P...# #
P......P@PPP.P# #
P~~.~~..PPPP#P# #
~~~.~~~..PP7PP# #
~~~.~~~~..#P7P# #
~~~.~~~~~.P#7 #
.~~~~...~~~~.7P77#
#
P.~~~~._.~~~~.PP7P#
#
..~~~~...~~~~.P..#
#
P.~~~~~~~~~~~.PP77#


You could see an oklob plant.

Vanquished Creatures
  Grinder (D:3)
  An ice beast (D:5)
  An ogre (D:5)
  A centaur (D:5)
  A scorpion (D:4)
  A howler monkey (D:5)
  A jelly (D:4)
  3 orc priests
  A hound (D:5)
  A sleepcap (D:5)
  2 iguanas (D:4)
  5 adders
  An ufetubus (D:5)
  A worm (D:5)
  3 dart slugs
  14 orcs
  9 bats
  10 endoplasms
  5 giant cockroaches (D:3)
  8 goblins
  12 hobgoblins
  5 jackals (D:3)
  14 kobolds
  4 quokkas
  4 ball pythons
  A frilled lizard (D:1)
  8 rats
118 creatures vanquished.

Notes
Turn   | Place    | Note
-------+----------+-------------------------------------------
     0 | D:1      | qw the Gargoyle Hunter began the quest for the Orb.
     0 | D:1      | Reached XP level 1. HP: 12/12 MP: 1/1
     0 | D:1      | 0 ||| qw: Version: 0.3-a-76-g4403597
     0 | D:1      | 0 ||| qw: Game counter: 149
     0 | D:1      | 0 ||| qw: Melee chars always use a shield: true
     0 | D:1      | 0 ||| qw: God list: Okawaru
     0 | D:1      | 0 ||| qw: Allow faded altars: false
     0 | D:1      | 0 ||| qw: Do Orc after clearing Dungeon:15 true
     0 | D:1      | 0 ||| qw: Do second Lair branch before Depths: true
     0 | D:1      | 0 ||| qw: Lair rune preference: random
     0 | D:1      | 0 ||| qw: Goals: Normal
     0 | D:1      | 0 ||| PLANNING D:1-11
    34 | D:1      | 34 ||| RETREATING.
    36 | D:1      | 36 ||| RETREATING.
    37 | D:1      | 37 ||| Stepping ~*~*~tactically~*~*~ (retreating).
    47 | D:1      | Reached XP level 2. HP: 14/17 MP: 2/2
   411 | D:1      | Found a faded altar of an unknown god.
   481 | D:1      | Reached XP level 3. HP: 13/21 MP: 3/3
   671 | D:1      | 671 ||| UPGRADING to +0 ring mail.
   681 | D:1      | 681 ||| DROPPING +0 leather armour.
   682 | D:1      | 682 ||| UPGRADING to +5 ring of evasion.
   683 | D:1      | 683 ||| READING scroll labelled NASOUPL JIHOT.
   684 | D:1      | 684 ||| READING scroll labelled INACUS ESTREA.
   685 | D:1      | 685 ||| DROPPING scroll of butterflies.
   744 | D:2      | Reached skill level 1 in Armour
   769 | D:2      | Reached skill level 5 in Ranged Weapons
  1005 | D:2      | Identified the +6 hand axe "Joifu" {elec, +Blink rPois
                  | Int-4}
  1158 | D:2      | Reached skill level 3 in Fighting
  1158 | D:2      | Reached XP level 4. HP: 28/28 MP: 4/4
  1358 | D:2      | 1358 ||| READING scroll labelled JERAESTR KIOQY.
  1402 | D:3      | 1402 ||| PLANNING SEWER
  1475 | D:3      | Noticed Grinder
  1478 | D:3      | Paralysed by Grinder for 3 turns
  1484 | D:3      | Paralysed by Grinder for 2 turns
  1500 | D:3      | HP: 3/28 [Grinder/nerve-wracking pain (5)]
  1501 | D:3      | Killed Grinder
  1502 | D:3      | Reached skill level 6 in Ranged Weapons
  1502 | D:3      | Reached XP level 5. HP: 4/32 MP: 5/5
  1502 | D:3      | Reached XP level 6. HP: 5/37 MP: 6/6
  1665 | D:3      | Found a hazy altar of Hepliaklqana.
  1897 | D:3      | Found a shadowy altar of Dithmenos.
  2032 | D:3      | 2032 ||| RIP SEWER
  2045 | D:3      | 2045 ||| PLANNING D:1-11
  2259 | D:3      | 2259 ||| Stepping ~*~*~tactically~*~*~ (water).
  2522 | D:3      | 2522 ||| READING scroll labelled UGHEPE BIWEEM.
  2523 | D:3      | 2523 ||| READING scroll labelled ZECKOR FOMOO.
  2524 | D:3      | 2524 ||| READING scroll labelled XEULAY QETWESTA.
  2552 | D:3      | 2552 ||| READING scroll labelled XUL SASYBOIS.
  2553 | D:3      | 2553 ||| DRINKING 2 glowing blue potions.
  2554 | D:3      | 2554 ||| DRINKING 2 emerald potions.
  2580 | D:3      | 2580 ||| DROPPING potion of lignification.
  2626 | D:4      | Found a shimmering altar of Xom.
  2649 | D:4      | Reached skill level 7 in Ranged Weapons
  2831 | D:4      | Reached XP level 7. HP: 42/44 MP: 7/7
  2909 | D:4      | 2909 ||| FLEEEEING.
  2910 | D:4      | 2910 ||| FLEEEEING.
  2911 | D:4      | 2911 ||| FLEEEEING.
  2912 | D:4      | 2912 ||| FLEEEEING.
  2913 | D:4      | 2913 ||| FLEEEEING.
  2921 | D:4      | 2921 ||| FLEEEEING.
  2922 | D:4      | 2922 ||| FLEEEEING.
  2923 | D:4      | 2923 ||| FLEEEEING.
  2924 | D:4      | 2924 ||| FLEEEEING.
  2925 | D:4      | 2925 ||| STAIRDANCE
  2953 | D:3      | 2953 ||| UPGRADING to amulet of the acrobat.
  2958 | D:3      | 2958 ||| DRINKING 2 black potions.
  2958 | D:3      | Gained mutation: You expend magic power (3 MP) to
                  | strengthen your wands. [potion of mutation]
  2958 | D:3      | Gained mutation: Your mind is acute. (Int +4, Str/Dex -1)
                  | [potion of mutation]
  2958 | D:3      | Gained mutation: You possess an exceptional clarity of
                  | mind. [potion of mutation]
  3459 | D:4      | 3459 ||| READING scroll labelled UJIKUZ HIFOM.
  3510 | D:5      | Entered Level 5 of the Dungeon
  3574 | D:5      | Found a staircase to the Ecumenical Temple.
  3575 | D:5      | 3575 ||| PLANNING TEMPLE
  3575 | D:5      | 3575 ||| READING scroll labelled WUSTOI AKOTA.
  3581 | Temple   | Entered the Ecumenical Temple
  3582 | Temple   | 3582 ||| PLANNING OKAWARU WORSHIP
  3590 | Temple   | Became a worshipper of Warmaster Okawaru
  3591 | Temple   | 3591 ||| PLANNING D:1-11
  3751 | D:5      | Found a sparkling altar of Nemelex Xobeh.
  3762 | D:5      | Reached skill level 8 in Ranged Weapons
  3870 | D:5      | Found a glowing silver altar of Zin.
  3880 | D:5      | 3880 ||| FLEEEEING.
  3881 | D:5      | 3881 ||| FLEEEEING.
  3882 | D:5      | 3882 ||| FLEEEEING.
  3933 | D:5      | 3933 ||| SWAPPING to +0 orcbow.
  3934 | D:5      | 3934 ||| DROPPING +0 shortbow of freezing.
  4136 | D:5      | Reached XP level 8. HP: 49/49 MP: 8/8
  4291 | D:5      | Found a blossoming altar of Fedhas.
  4307 | D:5      | Noticed an oklob plant
  4323 | D:5      | HP: 3/49 [oklob plant/splash of acid (33)]
  4324 | D:5      | 4324 ||| READING scroll of teleportation.
  4325 | D:5      | Killed from afar by an oklob plant

Levels and vault maps discovered:
D:1:      denvon_arrival_planthouse, layout_loops_ring, basic_ecumenical_altar
D:2:      layout_loops_ring, kennysheep_nondescript
D:3:      wander_river, layout_loops_corners,
          nicolae_dithmenos_through_a_glass_darkly,
          mainiacjoe_overflow_24_doors, portal_sewer_entry_f, uniq_grinder
D:4:      layout_loops_ring, old_standard_altar, chequers_mini_garden,
          moated_statue, corexii_corridor_pit
D:5:      layout_loops_ring, mainiacjoe_overflow_chevrons, tgw_fedhas,
          nemelex_dance_club_becter, temple_fountains
Temple:   nicolae_temple_no_exploring_needed

Skill      XL: |  1  2  3  4  5  6  7 |
---------------+----------------------+-----
Armour         | 1 |  1.1
Ranged Weapons | 5 6 7 8 |  8.8
Fighting       | 3 4 5 |  5.1
Dodging        | |  1.5
Stealth        | |  1.1

Action                     |  1- 3 |  4- 6 |  7- 9 || total
---------------------------+-------+-------+-------++-------
   Fire: Shortbow          |   124 |   195 |    88 ||   407
         Orcbow            |       |       |    44 ||    44
    Use: Scroll            |     2 |     5 |     3 ||    10
         Potion            |       |     2 |     1 ||     3
 Armour: Leather armour    |    26 |       |       ||    26
         Ring mail         |    13 |    51 |    28 ||    92
  Dodge: Dodged            |    57 |    95 |    39 ||   191

Table legend:
 A = Non-vault XP
 B = Vault XP
 C = Vault XP percentage of total XP
 D = Non-vault monster count
 E = Vault monster count
 F = Vault count percentage of total count
                 A         B        C        D         E       F
            +---------+---------+-------+---------+---------+-------
      Total |     938 |     395 |  29.6 |     110 |       8 |   6.8
            +---------+---------+-------+---------+---------+-------
        D:1 |      35 |       0 |   0.0 |      20 |       0 |   0.0
        D:2 |      59 |       0 |   0.0 |      24 |       0 |   0.0
        D:3 |     112 |     277 |  71.2 |      31 |       6 |  16.2
        D:4 |     314 |       0 |   0.0 |      22 |       0 |   0.0
        D:5 |     418 |     118 |  22.0 |      13 |       2 |  13.3
            +---------+---------+-------+---------+---------+-------
